 Dungeon Crawl Stone Soup version 0.31-a0-875-g02e7d12df6 (webtiles) character file.

Game seed: 4881194830712260409

151 IdlyInterested the Trooper (level 5, 0/41 HPs)
             Began as a Demonspawn Wanderer on Oct 12, 2023.
             Slain by a cerulean imp
             ... wielding a +2 spear
             ... summoned by Natasha
              (2 damage)
             ... on level 3 of the Dungeon.
             The game lasted 00:12:15 (2411 turns).

IdlyInterested the Trooper (Demonspawn Wanderer)    Turns: 2411, Time: 00:12:16

Health: 0/41       AC:  5    Str: 14    XL:     5   Next: 11%
Magic:  3/9        EV: 10    Int: 18    God:
Gold:   113        SH:  4    Dex:  8    Spells: 6/10 levels left

rFire   . . .        h - staff of death
rCold   . . .        (no shield)
rNeg    + . .        x - +0 ring mail
rPois   .            (no helmet)
rElec   .            (no cloak)
rCorr   .            (no gloves)
SInv    .            (no boots)
Will    .....        (no amulet) Stlth
                     (no ring)
HPRegen 0.26/turn    (no ring)
MPRegen 0.11/turn

%: no passive effects
@: lethally poisoned (0 -> -2), very slightly contaminated
A: foul stench 1, condensation shield
a: no special abilities


You were on level 3 of the Dungeon.
You visited 1 branch of the dungeon, and saw 3 of its levels.

You collected 113 gold pieces.

Inventory:

Hand Weapons
 f - a +0 hand axe
 k - a +0 short sword
 r - a +0 dagger
Missiles
 a - 4 poisoned darts
 n - 10 stones
 v - 6 datura-tipped darts
 w - 3 javelins
Armour
 c - a +0 robe
 e - a +0 scale mail
 g - a +0 chain mail
 x - a +0 ring mail (worn)
Magical Staves
 h - a staff of death (weapon)
Scrolls
 i - 2 scrolls of identify {unknown}
 j - a scroll of fear {unknown}
 m - a scroll of amnesia {unknown}
 o - a scroll of immolation {unknown}
 q - a scroll of fog {unknown}
 s - a scroll of teleportation {unknown}
 t - 3 scrolls of enchant weapon {unknown}
Potions
 b - a potion of brilliance
 d - 3 potions of lignification
 l - a potion of curing {unknown}
 p - a potion of degeneration {unknown}
 u - a potion of mutation {unknown}


   Skills:
 + Level 3.1 Fighting
 + Level 0.5 Armour
 - Level 3.0 Spellcasting
 - Level 2.0 Conjurations
 - Level 1.0 Necromancy
 - Level 1.0 Translocations
 - Level 1.0 Transmutations
 - Level 1.7 Fire Magic
 - Level 1.0 Air Magic
 * Level 0.2 Poison Magic
 - Level 1.2 Invocations
 - Level 2.0 Evocations


You had 6 spell levels left.
You knew the following spells:

 Your Spells              Type           Power      Damage    Failure   Level
a - Foxfire               Conj/Fire      36%        2x1d5     16%         1
b - Ignite Poison         Fire/Tmut/Pois 6%         N/A       56%         3

Your spell library contained the following spells:

 Spells                   Type           Power      Damage    Failure   Level
 Scorch                   Fire           18%        2d5       24%         2
 Momentum Strike          Conj/Tloc      16%        3d8       26%         2
 Static Discharge         Conj/Air       16%        2-3/arc   26%         2
 Passwall                 Tmut/Erth      3%         N/A       38%         2
 Ensorcelled Hibernation  Hex/Ice        4%         N/A       45%         2
 Swiftness                Air            6%         N/A       54%         3


Dungeon Overview and Level Annotations

Branches:
Dungeon (3/15)

Altars:
Uskayaw

Annotations:
D:3 Natasha


Innate Abilities, Weirdness & Mutations

You may rarely emit foul miasma when damaged in melee.
A meltable shield of frost defends you. (SH +4)


Message History

Your magical contamination has completely faded away.
Casting: Foxfire (safe; 16% risk of failure)
Press: ? - help, Q - select action, (/) - cycle Dir - look around, f - activate You miscast Foxfire.
You are very lightly contaminated with residual magic.
Nothing appears to happen.
You feel sick.
The foxfire hits Natasha.
Natasha is heavily wounded.
The kobold hits you but does no damage.
The cerulean imp hits you but does no damage.
You block Natasha's attack.
Casting: Foxfire (safe; 16% risk of failure)
Press: ? - help, Q - select action, (/) - cycle Dir - look around, f - activate You conjure some foxfire!
You feel sick. The kobold hits you but does no damage.
The cerulean imp hits you from afar with a +2 spear.
* * * LOW HITPOINT WARNING * * *
Natasha mumbles some strange words.
Natasha's front paws start to glow.
Natasha claws you.
* * * LOW HITPOINT WARNING * * *
Casting: Foxfire (safe; 16% risk of failure)
Press: ? - help, Q - select action, (/) - cycle Dir - look around, f - activate
There is not enough space to conjure foxfire!
Unknown command.
You barely miss Natasha.
Natasha is heavily wounded.
* * * LOW HITPOINT WARNING * * *
You feel sick.
The foxfire hits Natasha.
Natasha is severely wounded.
The foxfire hits Natasha.
Natasha is severely wounded.
The kobold barely misses you. The cerulean imp barely misses you.
You block Natasha's attack. The kobold hits you but does no damage.
You closely miss Natasha.
Natasha is severely wounded.
* * * LOW HITPOINT WARNING * * *
You feel sick. Natasha claws you but does no damage.
The cerulean imp hits you from afar with a +2 spear.
You die...

..
...####
...#...##
........#
........#
#......#
#....K)#
#..5h@#
##...##
####


You could see Natasha, a cerulean imp (summoned) and a kobold.

Vanquished Creatures
  Jessica (D:2)
  Terence (D:2)
  A gnoll (D:2)
  4 adders (D:2)
  3 ball pythons
  2 bats (D:1)
  3 endoplasms
  4 giant cockroaches
  4 hobgoblins
  8 jackals (D:1)
  6 quokkas
  4 frilled lizards
  4 goblins
  6 kobolds
  2 rats
53 creatures vanquished.

Vanquished Creatures (collateral kills)
  A foxfire (D:2)
1 creature vanquished.

Vanquished Creatures (others)
  99 foxfires
99 creatures vanquished.

Grand Total: 153 creatures vanquished

Notes
Turn   | Place    | Note
-------+----------+-------------------------------------------
     0 | D:1      | IdlyInterested the Demonspawn Wanderer began the quest for
                  | the Orb.
     0 | D:1      | IdlyInterested set off with the following items: a +0 club,
                  | a potion of brilliance, a +0 robe, a potion of
                  | lignification; and the following spell memorised: Foxfire;
                  | and the following spells available to memorise: Scorch,
                  | Momentum Strike, Static Discharge, Ignite Poison.
     0 | D:1      | Reached XP level 1. HP: 16/16 MP: 3/3
   254 | D:1      | Gained mutation: A meltable shield of frost defends you.
                  | (SH +4) [demonic ancestry]
   254 | D:1      | Reached XP level 2. HP: 23/23 MP: 1/5
   550 | D:1      | Reached skill level 1 in Necromancy
   650 | D:1      | Reached XP level 3. HP: 26/29 MP: 4/6
  1018 | D:2      | Noticed Terence
  1045 | D:2      | Killed Terence
  1046 | D:2      | Reached skill level 1 in Translocations
  1046 | D:2      | Reached XP level 4. HP: 27/35 MP: 1/8
  1381 | D:2      | Found a faded altar of an unknown god.
  1408 | D:2      | Noticed Jessica
  1418 | D:2      | Killed Jessica
  1419 | D:2      | Reached skill level 1 in Transmutations
  1469 | D:2      | Found a hide-covered altar of Uskayaw.
  1861 | D:2      | Gained mutation: You may rarely emit foul miasma when
                  | damaged in melee. [demonic ancestry]
  1861 | D:2      | Reached XP level 5. HP: 32/41 MP: 5/9
  1865 | D:2      | Reached skill level 1 in Air Magic
  1907 | D:2      | Learned a level 3 spell: Ignite Poison
  2400 | D:3      | Noticed Natasha
  2411 | D:3      | HP: 2/41 [poisoned by a kobold]
  2411 | D:3      | Slain by a cerulean imp

Illustrated notes

Levels and vault maps discovered:
D:1:      minmay_arrival_stone_box, layout_basic
D:2:      layout_loops_corners, shapermc_ecumenical_altar_flowoftime,
          basic_altar, hangedman_feature_mirror, uniq_jessica, uniq_terence
D:3:      layout_rooms, old_standard_altar, uniq_natasha,
          uniq_crazy_yiuf_cottage

Skill      XL: |  1  2  3  4  5 |
---------------+----------------+-----
Fighting       | 3 |  3.1
Necromancy     | 1 |  1.0
Translocations | 1 |  1.0
Spellcasting   | 3 |  3.0
Transmutations | 1 |  1.0
Evocations     | 2 |  2.0
Air Magic      | 1 |  1.0
Armour         | |  0.5
Conjurations   | |  2.0
Fire Magic     | |  1.7
Poison Magic   | |  0.2
Invocations    | |  1.2

Action                     |  1- 3 |  4- 6 || total
---------------------------+-------+-------++-------
  Melee: Hand axe          |    63 |    54 ||   117
         Punch             |     1 |     2 ||     3
         Staff             |       |     4 ||     4
  Throw: Dart              |     2 |       ||     2
   Cast: Foxfire           |    29 |    27 ||    56
    Use: Potion            |     2 |       ||     2
 Armour: Chain mail        |    20 |       ||    20
         Robe              |    24 |    30 ||    54
         Ring mail         |       |    14 ||    14
  Dodge: Dodged            |    36 |    42 ||    78
  Block: Other             |     3 |    10 ||    13

Table legend: (Time is in decaauts)
 A = Elapsed time spent in this place.
 B = Non-inter-level travel time spent in this place.
 C = Inter-level travel time spent in this place.
 D = Time resting spent in this place.
 E = Time spent auto-exploring this place.
 F = Levels seen in this place.
 G = Mean time per level.
                   A        B        C        D        E       F      G
               +--------+--------+--------+--------+--------+-----+--------+
         Total |   2445 |   2219 |    226 |    310 |   1217 |   3 |  815.0 |
       Dungeon |   2445 |   2219 |    226 |    310 |   1217 |   3 |  815.0 |
               +--------+--------+--------+--------+--------+-----+--------+

Top non-repeatable levels by time:
     D:2: 1457 daAuts
     D:1: 962 daAuts
     D:3: 25 daAuts
